 Dungeon Crawl Stone Soup version 0.31.0-11-ge490571c62 (webtiles) character file.

Game seed: 4322486015182679941

73 Gadfly the Insei (level 4, 0/35 HPs)
             Began as a Demonspawn Monk on Feb 5, 2024.
             Succumbed to Robin's poison
             ... on level 2 of the Dungeon.
             The game lasted 00:02:20 (1518 turns).

Gadfly the Insei (Demonspawn Monk)                  Turns: 1518, Time: 00:02:21

Health: 0/35       AC:  3    Str: 13    XL:     4   Next: 8%
Magic:  4/4        EV: 13    Int: 10    God:
Gold:   10         SH:  0    Dex: 16    Spells: 3/3 levels left

rFire   . .          .
                       - Unarmed
rCold   . . .        c - orb {light}
rNeg    . . .        a - +0 robe
rPois   .            (no helmet)
rElec   .            (no cloak)
rCorr   .            f - +0 pair of gloves
SInv    .            (no boots)
Will    .....        (no amulet)
Stlth   +            (no ring)
HPRegen 0.25/turn    (no ring)
MPRegen 0.09/turn

%: no passive effects
@: lethally poisoned (0 -> -14), glowing
A: claws 2
a: no special abilities


You were on level 2 of the Dungeon.
You visited 1 branch of the dungeon, and saw 2 of its levels.

You collected 10 gold pieces.

Inventory:

Hand Weapons
 b - a +4 short sword
Armour
 a - a +0 robe (worn)
 c - an orb of light (worn)
 f - a +0 pair of gloves (worn)
Talismans
 d - a serpent talisman
 g - a storm talisman
Scrolls
 h - a scroll of blinking
Potions
 e - a potion of enlightenment {unknown}
 j - a potion of ambrosia
 o - a potion of might {unknown}


   Skills:
 - Level 3.0 Fighting
 + Level 3.0 Dodging
 * Level 3.3 Unarmed Combat
 * Level 1.8 Evocations
 * Level 1.4 Shapeshifting


You had 3 spell levels left.
You didn't know any spells.
Your spell library contained the following spells:

 Spells                   Type           Power      Damage    Failure   Level
 Hailstorm                Conj/Ice       0%         3d5       75%         3
 Summon Ice Beast         Ice/Summ       0%         N/A       75%         3
 Sculpt Simulacrum        Ice/Alch       0%         N/A       100%        6


Dungeon Overview and Level Annotations

Branches:
Dungeon (2/15)

Altars:

Shops:
D:1 [

Annotations:
D:2 Robin


Innate Abilities, Weirdness & Mutations

You have very sharp fingernails.


Message History

You are too injured to fight recklessly!
You are too injured to fight recklessly!
You are too injured to fight recklessly!
You are too injured to fight recklessly!
You are too injured to fight recklessly!
You are too injured to fight recklessly!
You are too injured to fight recklessly!
You are too injured to fight recklessly!
You are too injured to fight recklessly!
You are too injured to fight recklessly!
You are too injured to fight recklessly!
You are too injured to fight recklessly!
You are too injured to fight recklessly!
You are too injured to fight recklessly!
You are too injured to fight recklessly!
You are too injured to fight recklessly!
You are too injured to fight recklessly!
Unknown command.
You feel very sick.
Items here: )))) ††.
You feel very sick.
Robin hits you with a +5 spear of venom.
* * * LOW HITPOINT WARNING * * *
You are lethally poisoned!
The hobgoblin closely misses you.
* * * LOW HITPOINT WARNING * * *
You feel very sick. Robin closely misses you.
* * * LOW HITPOINT WARNING * * *
You feel very sick.
The goblin no longer looks unusually strong.
Robin laughs in a distinctly smug fashion.
Robin barely misses you.
The hobgoblin attacks as it pursues you!
The hobgoblin barely misses you.
You feel better.
Robin hits you from afar with a +5 spear of venom!
* * * LOW HITPOINT WARNING * * *
You are lethally poisoned!
You die...

.. ... .. .. #.#..
.##..#. .......
##########
..#....##
#........#
.#...g..# #######
#.######.#
........# #g.@..#
#.# #.#
......#)#####.###.#
#.# #.#
....#....g.ggg# #.#
#.# #.# ...
#########)###.# #.#
#.# # #)....####.#
#.## ###........#
#... ##########
####


You could see a hobgoblin (strong) and 2 goblins.

Vanquished Creatures
  A gnoll (D:1)
  2 dart slugs
  An orc (D:2)
  6 bats
  10 endoplasms
  10 goblins
  6 hobgoblins
  2 quokkas (D:1)
  2 ball pythons (D:1)
  3 frilled lizards (D:1)
  5 kobolds
  2 rats (D:1)
50 creatures vanquished.

Notes
Turn   | Place    | Note
-------+----------+-------------------------------------------
     0 | D:1      | Gadfly the Demonspawn Monk began the quest for the Orb.
     0 | D:1      | Reached XP level 1. HP: 18/18 MP: 1/1
   125 | D:1      | Found Qarynwad's Antique Armour Shoppe.
   168 | D:1      | Gained mutation: You have sharp fingernails. [demonic
                  | ancestry]
   168 | D:1      | Reached XP level 2. HP: 24/24 MP: 2/2
   273 | D:1      | Reached skill level 1 in Evocations
   395 | D:1      | Reached skill level 1 in Shapeshifting
   592 | D:1      | Gained mutation: You have very sharp fingernails. [demonic
                  | ancestry]
   592 | D:1      | Reached XP level 3. HP: 25/29 MP: 3/3
  1484 | D:2      | Noticed Robin
  1507 | D:2      | Reached XP level 4. HP: 29/35 MP: 4/4
  1516 | D:2      | HP: 1/35 [poisoned by Robin]
  1518 | D:2      | Succumbed to Robin's poison

Illustrated notes

Levels and vault maps discovered:
D:1:      nicolae_arrival_memento_mori, layout_loops_ring, serial_shops,
          nicolae_square_shop, hangedman_glass_teeth
D:2:      layout_loops_ring, nrook_loot_triangle,
          hangedman_abyss_or_decor_lesser_grid, uniq_robin

Skill      XL: |  1  2  3 |
---------------+----------+-----
Evocations     | 1 |  1.8
Unarmed Combat | 3 |  3.3
Shapeshifting  | 1 |  1.4
Dodging        | 3 |  3.0
Fighting       | |  3.0

Action                     |  1- 3 |  4- 6 || total
---------------------------+-------+-------++-------
  Melee: Unarmed           |   126 |     6 ||   132
    Use: Scroll            |     6 |       ||     6
         Potion            |       |     1 ||     1
 Armour: Robe              |    51 |     6 ||    57
  Dodge: Dodged            |    77 |     4 ||    81
